 Dungeon Crawl Stone Soup version 0.25.1-2-g60ff931df9 (webtiles) character file.

Game seed: 7110981525642263276

58 gruber the Conjurer (level 4, -6/27 HPs)
             Began as an Octopode Conjurer on Sept 14, 2020.
             Killed from afar by an orc wizard (9 damage)
             ... with a puff of flame
             ... on level 2 of the Dungeon.
             The game lasted 00:01:58 (1589 turns).

gruber the Conjurer (Octopode Conjurer)             Turns: 1589, Time: 00:01:58

Health: -6/27      AC:  5    Str:  7    XL:     4   Next: 2%
Magic:  7/7        EV: 13    Int: 18    God:
Gold:   50         SH:  0    Dex: 12    Spells: 4/7 levels left

rFire    . . .     SeeInvis .   (no weapon)
rCold    . . .     Gourm    .   (no shield)
rNeg     . . .     Faith    .   (helmet restricted)
rPois    .         Spirit   .   (no amulet)
rElec    .         Reflect  .   g - +4 ring of protection
rCorr    .         Harm     .   (no ring)
MR       .....                  (no ring)
Stlth    +++.......             (no ring)
HPRegen  0.09/turn              (no ring)
MPRegen  0.10/turn              (no ring)
                                (no ring)
                                (no ring)

@: no status effects
A: almost no armour, stealthy swim, amphibious, 8 rings, constrict 8, camouflage
1, gelatinous body 1
a: no special abilities


You were on level 2 of the Dungeon.
You were not hungry.

You visited 1 branch of the dungeon, and saw 2 of its levels.

You collected 50 gold pieces.

Inventory:

Jewellery
 a - an uncursed ring of see invisible
 g - a +4 ring of protection (left tentacle)
Scrolls
 d - 2 scrolls of magic mapping {unknown}
 h - a scroll of identify {unknown}
 i - a scroll of teleportation {unknown}
Potions
 c - a potion of cancellation {unknown}
 e - a potion of degeneration {unknown}
 j - a potion of flight {unknown}
Comestibles
 b - 3 rations
 f - a chunk of flesh


   Skills:
 - Level 2.0 Dodging
 - Level 2.6 Stealth
 - Level 2.0 Spellcasting
 + Level 5.5 Conjurations


You had 4 spell levels left.
You knew the following spells:

 Your Spells              Type           Power        Failure   Level  Hunger
a - Magic Dart            Conj           ###.         1%          1    #......
b - Searing Ray           Conj           ###...       2%          2    ###....

Your spell library contained the following spells:

 Spells                   Type           Power        Failure   Level  Hunger
 Dazzling Flash           Conj/Hex       ##....       17%         3    ###....
 Fulminant Prism          Conj/Hex       ##........   50%         4    #####..
 Iskenderun's Mystic Bla  Conj/Tloc      ##......     50%         4    #####..


Dungeon Overview and Level Annotations

Branches:
Dungeon (2/15)

Altars:


Innate Abilities, Weirdness & Mutations

You cannot wear most types of armour.
You are very stealthy in the water. (Stealth+)
You are amphibious.
You can wear up to eight rings at the same time.
You can use your tentacles to constrict eight enemies at once.
Your skin changes colour to match your surroundings (Stealth+).
Your rubbery body absorbs attacks. (AC +1, EV +1)


Message History

You start resting.
HP restored.
You see here a giant cockroach corpse.
The orc wizard gestures wildly while chanting.
The orc wizard flickers and vanishes!
The orc throws a boomerang.
The boomerang hits you.
The weapon returns to the orc!
A magic dart appears from out of thin air!
The magic dart hits you!
The orc throws a boomerang.
The boomerang hits you.
The weapon returns to the orc!
The orc throws a boomerang.
The boomerang hits you.
* * * LOW HITPOINT WARNING * * *
The weapon returns to the orc!
The orc throws a boomerang.
The boomerang hits you.
* * * LOW HITPOINT WARNING * * *
The weapon returns to the orc!
The orc throws a boomerang.
The boomerang closely misses you.
The weapon returns to the orc!
A puff of flame appears from out of thin air!
The puff of flame hits you!
You die...

.≈# ≈ ###..## ..
≈##..... .........####
.#.#.......#
..#...###.#
#.#...#.<÷#
########.#...#...#
............@.†>#
......##.#.#.#...#
....#.##.#.#.#...##
.........#...#....#
8..8..##≈≈≈≈§≈≈...#
8..8.≈≈≈≈≈≈≈§≈≈≈≈≈#
≈..≈≈≈≈≈≈≈≈≈≈≈≈≈≈≈≈≈
≈..≈≈≈≈≈≈≈≈≈{o≈≈≈≈≈≈≈≈
≈..≈≈≈≈≈≈≈...≈≈)o≈≈≈≈≈


There were no monsters in sight!

Vanquished Creatures
  An orc wizard (D:2)
  An ooze (D:1)
  3 bats
  2 giant cockroaches
  5 goblins (D:1)
  3 hobgoblins (D:1)
  4 kobolds (D:1)
  A ball python (D:1)
  A frilled lizard (D:1)
  4 rats (D:1)
25 creatures vanquished.

Notes
Turn   | Place    | Note
-------+----------+-------------------------------------------
     0 | D:1      | gruber the Octopode Conjurer began the quest for the Orb.
     0 | D:1      | Reached XP level 1. HP: 11/11 MP: 3/3
   391 | D:1      | Reached XP level 2. HP: 10/17 MP: 5/5
  1095 | D:1      | Reached XP level 3. HP: 21/21 MP: 6/6
  1285 | D:1      | Reached skill level 5 in Conjurations
  1409 | D:2      | Noticed an orc warrior
  1518 | D:2      | Learned a level 2 spell: Searing Ray
  1524 | D:2      | Reached XP level 4. HP: 27/27 MP: 2/7
  1589 | D:2      | Killed from afar by an orc wizard

Illustrated notes

Levels and vault maps discovered:
D:1:      saegor_arrival_simple_a, layout_loops_ring, serial_bayou,
          serial_bayou_ford_a, serial_bayou_pond_b, serial_bayou_pond_d,
          serial_bayou_pond_e
D:2:      wander_river, layout_basic, nemelex_altar_shiori, minitemple,
          chequers_ecumenical_altar_grove, minivault_4, minmay_rat_gold_closets

Skill      XL: |  1  2  3 |
---------------+----------+-----
Conjurations   | 5 |  5.5
Dodging        | |  2.0
Stealth        | |  2.6
Spellcasting   | |  2.0

Action                   |  1- 3 |  4- 6 || total
-------------------------+-------+-------++-------
Melee: Unarmed           |    56 |       ||    56
       Constrict         |    16 |       ||    16
       Tentacles         |    10 |       ||    10
 Cast: Magic Dart        |    21 |     3 ||    24
 Stab: Sleeping          |     5 |       ||     5
  Eat: Chunk             |     2 |       ||     2
Armor: Skin              |    26 |       ||    26
Dodge: Dodged            |    56 |     1 ||    57
